CAROLINA vs NASHVILLE

Created - May 29, 2021 at 12:24

Goals
1 2 3 T
CAROLINA 2 0 1 3
NASHVILLE 1 2 2 5
Shots
1 2 3 T
CAROLINA 9 9 8 26
NASHVILLE 9 8 8 25

1st period

1. CAROLINA , Sam Lafferty 3 (Matt Martin 10, Matt Benning 19) at 3:57
2. NASHVILLE , Jason Dickinson 18 (Paul Byron 25) at 14:39 (PP)
3. CAROLINA , Josh Brown 2 (Matt Benning 20, Sam Lafferty 13) at 17:22

Penalties :
Erik Karlsson (CAR) for Tripping (Minor) at 1:33, Deryk Engelland (CAR) for Hooking (Minor) at 6:47, Sam Lafferty (CAR) for High sticking (Minor) at 13:39

2nd period

4. NASHVILLE , Josh Leivo 7 (Brian Dumoulin 32, Morgan Rielly 39) at 3:09 (PP)
5. NASHVILLE , Erik Gustafsson 7 (Tage Thompson 7, Nicolas Hague 29) at 16:35

Penalties :
Matt Martin (CAR) for Cross-checking (Minor) at 1:29, Brian Dumoulin (NSH) for Holding Stick (Minor) at 5:07, Josh Brown (CAR) for Roughing (Minor) at 7:28

3rd period

6. CAROLINA , Nicklas Backstrom 28 (Shea Weber 37, Alexander Radulov 34) at 0:36
7. NASHVILLE , Morgan Rielly 11 (Jimmy Vesey 21, Brian Dumoulin 33) at 10:44
8. NASHVILLE , Brian Dumoulin 13 (Morgan Rielly 40, J.T. Compher 31) at 15:42 (PP)

Penalties :
Bobby Ryan (NSH) for Fighting (Major) at 1:13, Matt Martin (CAR) for Fighting (Major) at 1:13, Deryk Engelland (CAR) for Diving (Minor) at 15:22, Nicklas Backstrom (CAR) for High sticking (Minor) at 15:43

Goalie Stats

Sergei Bobrovsky (CAR), 20 saves from 25 shots - (0.800), L, 30-30-4, 60:00 minutes
Devan Dubnyk (NSH), 23 saves from 26 shots - (0.885), W, 6-11-1, 60:00 minutes

Players Stats for CAROLINA

Player Name              G  A  P  +/- PIM S  H  SB GA TA FO     MP     PP MP  PK MP  
------------------------------------------------------------------------------------
Adam Henrique            0  0  0   0  0   1  0  1  0  0  3/5    18:40   0:13   2:44 
Alexander Radulov        0  1  1   1  0   2  5  0  0  0  1/3    18:03   1:13   7:16 
Brent Burns              0  0  0   0  0   4  3  2  0  0  0/0    25:39   1:07   6:28 
CAR Cap Hit              0  0  0   0  0   0  0  0  0  0  0/0     4:22   0:00   0:21 
Cooper Marody            0  0  0  -2  0   0  0  0  0  0  0/1     7:53   0:00   0:00 
Deryk Engelland          0  0  0  -1  4   0  3  0  0  0  0/0    20:31   0:52   3:40 
Dominik Kubalik          0  0  0   1  0   3  0  1  0  0  0/0    16:15   1:13   3:40 
Erik Karlsson            0  0  0  -1  2   1  0  2  0  0  0/0    20:45   0:52   3:53 
Joel L'Esperance         0  0  0   2  0   1  1  0  0  0  2/4    16:37   0:00   1:43 
Josh Brown               1  0  1   2  2   1  5  4  0  0  0/0    14:17   0:00   1:18 
Kyle Clifford            0  0  0   0  0   1  3  0  0  0  1/1    16:29   0:46   0:00 
Luke Kunin               0  0  0   0  0   2  0  0  0  0  7/14   16:29   0:46   0:00 
Matt Benning             0  2  2   2  0   0  0  1  0  0  0/0    13:00   0:00   0:00 
Matt Martin              0  1  1   2  7   4  3  0  0  0  2/3    12:38   0:33   0:00 
Nicklas Backstrom        1  0  1  -1  2   5  1  0  0  0  8/20   23:16   1:13   5:36 
Ross Colton              0  0  0  -2  0   0  0  0  0  0  2/8     8:46   0:00   0:53 
Sam Lafferty             1  1  2   2  2   1  0  0  0  0  7/10   13:54   0:00   0:00 
Shea Weber               0  1  1   0  0   0  2  1  0  0  0/0    21:22   1:07   6:12 

Players Stats for NASHVILLE

Player Name              G  A  P  +/- PIM S  H  SB GA TA FO     MP     PP MP  PK MP  
------------------------------------------------------------------------------------
Alex Petrovic            0  0  0  -1  0   0  1  0  0  0  0/0    16:07   0:00   0:52 
Alexander Barabanov      0  0  0   0  0   0  0  0  0  0  0/0     5:27   0:00   0:00 
Bobby Ryan               0  0  0  -1  5   0  2  0  0  0  1/1    18:12   4:10   0:00 
Brian Dumoulin           1  2  3   0  2   3  1  0  0  0  0/0    23:49   6:46   0:00 
Connor Carrick           0  0  0  -1  0   1  0  1  0  0  0/0    15:28   0:00   0:13 
Devin Shore              0  0  0   0  0   0  1  0  0  0  4/13   15:27   0:00   0:43 
Erik Gustafsson          1  0  1   0  0   2  0  0  0  0  0/0    20:01   4:10   1:05 
J.T. Compher             0  1  1   0  0   3  0  0  0  0  1/2    19:02   6:26   1:32 
Jason Dickinson          1  0  1  -1  0   3  0  0  0  0  0/0    20:14   4:10   0:14 
Jimmy Vesey              0  1  1   0  0   4  1  0  0  0  0/1    17:32   6:26   0:02 
Josh Leivo               1  0  1   0  0   2  1  0  0  0  0/0    15:04   0:20   0:00 
Morgan Rielly            1  2  3   0  0   3  1  0  0  0  0/0    24:31   6:46   0:41 
Nicolas Hague            0  1  1   0  0   2  1  2  0  0  0/0    20:03   4:10   1:07 
Nolan Patrick            0  0  0   0  0   0  0  0  0  0  1/1     2:41   0:20   0:00 
Paul Byron               0  1  1  -1  0   0  0  0  0  0  9/20   20:04   4:10   0:04 
Sean Monahan             0  0  0   0  0   2  1  0  0  0  15/23  24:06   6:46   1:23 
Tage Thompson            0  1  1   0  0   0  0  0  0  0  0/1    14:44   0:00   0:00 
Yakov Trenin             0  0  0   0  0   0  0  0  0  0  5/7     5:27   0:00   0:00 

3 Stars

1 - Morgan Rielly (NSH)
2 - Brian Dumoulin (NSH)
3 - Josh Brown (CAR)

Power Play

CAROLINA - 0 on 1 Attempt(s) - 0.00%
NASHVILLE - 3 on 7 Attempt(s) - 42.86%

Penalty Kill

CAROLINA - 4 on 7 Attempt(s) - 57.14% - Score 0 goal in Penalty Kill
NASHVILLE - 1 on 1 Attempt(s) - 100.00% - Score 0 goal in Penalty Kill

Team Stat

CAROLINA - Hits : 26 - Faceoff Wins : 33 - Blocked Shots : 12 - Penalty Minutes : 19
NASHVILLE - Hits : 10 - Faceoff Wins : 36 - Blocked Shots : 3 - Penalty Minutes : 7

Official

Referees : Craig Andreozzi and Shaun Young
Linesman : Kevin Fuhr and Kyle Larson

Game Notes

Bobby Ryan and Matt Martin fight to a draw at 1:13 of 3rd period

Finance

Level 1 -- Attendance: 4300 (71.67%) -- Ticket Income $430,000
Level 2 -- Attendance: 4078 (81.56%) -- Ticket Income $244,680
Level 3 -- Attendance: 1971 (98.55%) -- Ticket Income $68,985
Level 4 -- Attendance: 2656 (66.40%) -- Ticket Income $66,400
Luxury Box -- Attendance: 717 (71.70%) -- Ticket Income $143,400
Game was played at the Bridgestone Arena.
Total Attendance: 13722 (76.23%)
Total Ticket Income: $953,465
Total Income: $953,465

CAROLINA

5 vs 5 Forward 
   Center                   Left Wing                Right Wing               Time % Phy DF OF 
 1 Nicklas Backstrom        Dominik Kubalik          Alexander Radulov        35     1   2  2  
 2 Luke Kunin               Kyle Clifford            Adam Henrique            30     1   2  2  
 3 Sam Lafferty             Matt Martin              Joel L'Esperance         25     1   2  2  
 4 Ross Colton              Nicklas Backstrom        Cooper Marody            10     1   2  2  

5 vs 5 Defense 
   Defense                  Defense                                           Time % Phy DF OF 
 1 Brent Burns              Shea Weber                                        35     1   2  2  
 2 Erik Karlsson            Deryk Engelland                                   30     1   2  2  
 3 Matt Benning             Josh Brown                                        25     1   2  2  
 4 CAR Cap Hit              Brent Burns                                       10     1   2  2  

PowerPlay Forward 
   Center                   Left Wing                Right Wing               Time % Phy DF OF 
 1 Nicklas Backstrom        Dominik Kubalik          Alexander Radulov        60     1   2  2  
 2 Luke Kunin               Kyle Clifford            Adam Henrique            40     1   2  2  

PowerPlay Defense
   Defense                  Defense                                           Time % Phy DF OF 
 1 Brent Burns              Shea Weber                                        60     1   2  2  
 2 Erik Karlsson            Deryk Engelland                                   40     1   2  2  

Penalty Kill 4 Players Forward 
   Center                   Wing                     Time % Phy DF OF 
 1 Nicklas Backstrom        Alexander Radulov        60     1   2  2  
 2 Adam Henrique            Dominik Kubalik          40     1   2  2  

Penalty Kill 4 Players Defense
   Defense                  Defense                  Time % Phy DF OF 
 1 Brent Burns              Shea Weber               60     1   2  2  
 2 Erik Karlsson            Deryk Engelland          40     1   2  2  

Penalty Kill - 3 Players Forward 
   Forward                                           Time % Phy DF OF 
 1 Nicklas Backstrom                                 60     1   2  2  
 2 Alexander Radulov                                 40     1   2  2  

Penalty Kill - 3 Players Defense
   Defense                  Defense                  Time % Phy DF OF 
 1 Brent Burns              Shea Weber               60     1   2  2  
 2 Erik Karlsson            Deryk Engelland          40     1   2  2  

4 vs 4 Forward 
   Center                   Wing                     Time % Phy DF OF 
 1 Nicklas Backstrom        Alexander Radulov        60     1   2  2  
 2 Adam Henrique            Dominik Kubalik          40     1   2  2  

4 vs 4 Defense
   Defense                  Defense                  Time % Phy DF OF 
 1 Brent Burns              Shea Weber               60     1   2  2  
 2 Erik Karlsson            Deryk Engelland          40     1   2  2  

Last Minutes Offensive
   Center                   Left Wing                Right Wing               Defense                  Defense                  
   Nicklas Backstrom        Dominik Kubalik          Alexander Radulov        Brent Burns              Shea Weber               

Last Minutes Defensive
   Center                   Left Wing                Right Wing               Defense                  Defense                  
   Nicklas Backstrom        Dominik Kubalik          Alexander Radulov        Brent Burns              Shea Weber               

Goaltenders
Starting : Sergei Bobrovsky         
Backup : Samuel Montembeault      

Extra Forwards
Normal : Matt Martin, Sam Lafferty, Joel L'Esperance - PP : Matt Martin, Sam Lafferty - PK : Joel L'Esperance
Extra Defensemen
Normal : Matt Benning, Josh Brown, CAR Cap Hit - PP : Matt Benning - PK : Josh Brown, CAR Cap Hit
Penalty Shots
Nicklas Backstrom, Alexander Radulov, Adam Henrique, Dominik Kubalik, Luke Kunin

Scratches
Patrice Bergeron (Right Hand Injury)

NASHVILLE

5 vs 5 Forward 
   Center                   Left Wing                Right Wing               Time % Phy DF OF 
 1 Sean Monahan             J.T. Compher             Jimmy Vesey              35     1   2  2  
 2 Paul Byron               Jason Dickinson          Bobby Ryan               30     1   2  2  
 3 Devin Shore              Josh Leivo               Tage Thompson            25     1   2  2  
 4 Yakov Trenin             Sean Monahan             Alexander Barabanov      10     1   2  2  

5 vs 5 Defense 
   Defense                  Defense                                           Time % Phy DF OF 
 1 Morgan Rielly            Brian Dumoulin                                    35     1   2  2  
 2 Erik Gustafsson          Nicolas Hague                                     30     1   2  2  
 3 Connor Carrick           Alex Petrovic                                     25     1   2  2  
 4 Morgan Rielly            Brian Dumoulin                                    10     1   2  2  

PowerPlay Forward 
   Center                   Left Wing                Right Wing               Time % Phy DF OF 
 1 Sean Monahan             J.T. Compher             Jimmy Vesey              60     1   2  2  
 2 Paul Byron               Jason Dickinson          Bobby Ryan               40     1   2  2  

PowerPlay Defense
   Defense                  Defense                                           Time % Phy DF OF 
 1 Morgan Rielly            Brian Dumoulin                                    60     1   2  2  
 2 Erik Gustafsson          Nicolas Hague                                     40     1   2  2  

Penalty Kill 4 Players Forward 
   Center                   Wing                     Time % Phy DF OF 
 1 Sean Monahan             J.T. Compher             60     1   2  2  
 2 Paul Byron               Jason Dickinson          40     1   2  2  

Penalty Kill 4 Players Defense
   Defense                  Defense                  Time % Phy DF OF 
 1 Morgan Rielly            Brian Dumoulin           60     1   2  2  
 2 Erik Gustafsson          Nicolas Hague            40     1   2  2  

Penalty Kill - 3 Players Forward 
   Forward                                           Time % Phy DF OF 
 1 Sean Monahan                                      60     1   2  2  
 2 J.T. Compher                                      40     1   2  2  

Penalty Kill - 3 Players Defense
   Defense                  Defense                  Time % Phy DF OF 
 1 Morgan Rielly            Brian Dumoulin           60     1   2  2  
 2 Erik Gustafsson          Nicolas Hague            40     1   2  2  

4 vs 4 Forward 
   Center                   Wing                     Time % Phy DF OF 
 1 Sean Monahan             J.T. Compher             60     1   2  2  
 2 Paul Byron               Jason Dickinson          40     1   2  2  

4 vs 4 Defense
   Defense                  Defense                  Time % Phy DF OF 
 1 Morgan Rielly            Brian Dumoulin           60     1   2  2  
 2 Erik Gustafsson          Nicolas Hague            40     1   2  2  

Last Minutes Offensive
   Center                   Left Wing                Right Wing               Defense                  Defense                  
   Sean Monahan             J.T. Compher             Jimmy Vesey              Morgan Rielly            Brian Dumoulin           

Last Minutes Defensive
   Center                   Left Wing                Right Wing               Defense                  Defense                  
   Sean Monahan             J.T. Compher             Jimmy Vesey              Morgan Rielly            Brian Dumoulin           

Goaltenders
Starting : Devan Dubnyk             
Backup : Joonas Korpisalo         

Extra Forwards
Normal : Nolan Patrick, Josh Leivo, Devin Shore - PP : Nolan Patrick, Josh Leivo - PK : Devin Shore
Extra Defensemen
Normal : Connor Carrick, Alex Petrovic, Erik Gustafsson - PP : Connor Carrick - PK : Alex Petrovic, Erik Gustafsson
Penalty Shots
Sean Monahan, J.T. Compher, Paul Byron, Jason Dickinson, Jimmy Vesey

Scratches
Jordan Weal (Healthy), Jared McCann (Healthy), Andrew Peeke (Healthy), Aaron Dell (Healthy), NSH Cap Hit (Suspend)

% Time on Ice - CAROLINA

Lines # - Real PCT - Wanted PCT - Time Play
Normal Forward
1 - 20% - 35% - 9:34
2 - 33% - 30% - 15:43
3 - 30% - 25% - 13:55
4 - 17% - 10% - 7:53
Normal Defense
1 - 30% - 35% - 14:03
2 - 34% - 30% - 16:01
3 - 28% - 25% - 13:00
4 - 9% - 10% - 4:01
PP Forward
1 - 61% - 60% - 1:13
2 - 39% - 40% - 0:46
PP Defense
1 - 56% - 60% - 1:07
2 - 44% - 40% - 0:52
PK Forward
1 - 70% - 60% - 7:36
2 - 30% - 40% - 3:20
PK Defense
1 - 57% - 60% - 6:12
2 - 43% - 40% - 4:44
PK3 Forward
1 - 0% - 60%
2 - 0% - 40%
PK3 Defense
1 - 0% - 60%
2 - 0% - 40%
44 Forward
1 - 0% - 60%
2 - 0% - 40%
44 Defense
1 - 0% - 60%
2 - 0% - 40%
Last Minute Offensive  - 0:00
Last Minute Defensive  - 0:00
Total
Forward - 60:00
Defense - 60:00

% Time on Ice - NASHVILLE

Lines # - Real PCT - Wanted PCT - Time Play
Normal Forward
1 - 24% - 35% - 11:04
2 - 34% - 30% - 15:50
3 - 31% - 25% - 14:44
4 - 12% - 10% - 5:27
Normal Defense
1 - 33% - 35% - 15:37
2 - 31% - 30% - 14:46
3 - 32% - 25% - 15:15
4 - 3% - 10% - 1:27
PP Forward
1 - 62% - 60% - 6:46
2 - 38% - 40% - 4:10
PP Defense
1 - 62% - 60% - 6:46
2 - 38% - 40% - 4:10
PK Forward
1 - 97% - 60% - 1:55
2 - 3% - 40% - 0:04
PK Defense
1 - 45% - 60% - 0:54
2 - 55% - 40% - 1:05
PK3 Forward
1 - 0% - 60%
2 - 0% - 40%
PK3 Defense
1 - 0% - 60%
2 - 0% - 40%
44 Forward
1 - 0% - 60%
2 - 0% - 40%
44 Defense
1 - 0% - 60%
2 - 0% - 40%
Last Minute Offensive  - 0:00
Last Minute Defensive  - 0:00
Total
Forward - 60:00
Defense - 60:00

Play-by-Play

1st period


0:01 of 1st period - Sean Monahan wins face-off versus Nicklas Backstrom in neutral zone.
0:21 of 1st period - Icing by Morgan Rielly.
0:22 of 1st period - Sean Monahan wins face-off versus Luke Kunin in NASHVILLE zone.
0:22 of 1st period - Morgan Rielly is hit by Kyle Clifford and loses puck.
0:48 of 1st period - Jimmy Vesey is hit by Deryk Engelland and loses puck.
1:33 of 1st period - Minor Penalty to Erik Karlsson for Tripping.
1:34 of 1st period - Sean Monahan wins face-off versus Nicklas Backstrom in CAROLINA zone.
1:39 of 1st period - Shot by J.T. Compher.
1:39 of 1st period - Shot Misses the Net.
2:37 of 1st period - Shot by Nicolas Hague.
2:37 of 1st period - Stopped by Sergei Bobrovsky without a rebound.
2:38 of 1st period - J.T. Compher wins face-off versus Nicklas Backstrom in CAROLINA zone.
2:39 of 1st period - Shot by Morgan Rielly.
2:39 of 1st period - Stopped by Sergei Bobrovsky with a rebound.
2:49 of 1st period - Shot by Morgan Rielly.
2:49 of 1st period - Shot Misses the Net.
2:59 of 1st period - Shot by Morgan Rielly.
2:59 of 1st period - Shot Misses the Net.
3:01 of 1st period - Shot by Morgan Rielly.
3:01 of 1st period - Shot Misses the Net.
3:03 of 1st period - Shot by J.T. Compher.
3:03 of 1st period - Shot Blocked by Josh Brown.
3:05 of 1st period - Shot by Morgan Rielly.
3:05 of 1st period - Shot Misses the Net.
3:07 of 1st period - Shot by Jimmy Vesey.
3:07 of 1st period - Stopped by Sergei Bobrovsky without a rebound.
3:08 of 1st period - Adam Henrique wins face-off versus Paul Byron in CAROLINA zone.
3:55 of 1st period - Shot by Matt Martin.
3:55 of 1st period - Shot Misses the Net.
3:57 of 1st period - Shot by Sam Lafferty.
3:57 of 1st period - Goal by Sam Lafferty - CAROLINA : 1 - NASHVILLE : 0.
3:58 of 1st period - Adam Henrique wins face-off versus Yakov Trenin in neutral zone.
4:27 of 1st period - Shot by Kyle Clifford.
4:27 of 1st period - Stopped by Devan Dubnyk without a rebound.
4:28 of 1st period - Nicklas Backstrom wins face-off versus Devin Shore in NASHVILLE zone.
4:29 of 1st period - Shot by Alexander Radulov.
4:29 of 1st period - Shot Misses the Net.
4:50 of 1st period - Shot by Dominik Kubalik.
4:50 of 1st period - Stopped by Devan Dubnyk without a rebound.
4:51 of 1st period - Paul Byron wins face-off versus Matt Martin in NASHVILLE zone.
4:51 of 1st period - Paul Byron is hit by Matt Martin.
5:53 of 1st period - Shot by Dominik Kubalik.
5:53 of 1st period - Stopped by Devan Dubnyk without a rebound.
5:54 of 1st period - Sean Monahan wins face-off versus Ross Colton in NASHVILLE zone.
6:17 of 1st period - Shot by Nicklas Backstrom.
6:17 of 1st period - Stopped by Devan Dubnyk without a rebound.
6:18 of 1st period - Luke Kunin wins face-off versus Devin Shore in NASHVILLE zone.
6:47 of 1st period - Minor Penalty to Deryk Engelland for Hooking.
6:48 of 1st period - Sean Monahan wins face-off versus Nicklas Backstrom in CAROLINA zone.
6:48 of 1st period - Sean Monahan is hit by Shea Weber.
6:54 of 1st period - Shot by Jimmy Vesey.
6:54 of 1st period - Shot Misses the Net.
6:56 of 1st period - Shot by Brian Dumoulin.
6:56 of 1st period - Shot Misses the Net.
7:16 of 1st period - Shot by J.T. Compher.
7:16 of 1st period - Shot Misses the Net.
7:18 of 1st period - Shot by Morgan Rielly.
7:18 of 1st period - Stopped by Sergei Bobrovsky without a rebound.
7:19 of 1st period - Bobby Ryan wins face-off versus Adam Henrique in CAROLINA zone.
7:22 of 1st period - Shot by Erik Gustafsson.
7:22 of 1st period - Shot Blocked by Josh Brown.
8:38 of 1st period - Shot by J.T. Compher.
8:38 of 1st period - Deflect By Sean Monahan.
8:38 of 1st period - Stopped by Sergei Bobrovsky without a rebound.
8:39 of 1st period - Adam Henrique wins face-off versus Sean Monahan in CAROLINA zone.
8:45 of 1st period - Icing by Morgan Rielly.
8:46 of 1st period - Sean Monahan wins face-off versus Adam Henrique in NASHVILLE zone.
9:24 of 1st period - Shot by Matt Martin.
9:24 of 1st period - Stopped by Devan Dubnyk without a rebound.
9:25 of 1st period - Sean Monahan wins face-off versus Luke Kunin in NASHVILLE zone.
10:00 of 1st period - Shot by Luke Kunin.
10:00 of 1st period - Stopped by Devan Dubnyk with a rebound.
10:47 of 1st period - Shot by Alexander Radulov.
10:47 of 1st period - Shot Misses the Net.
11:17 of 1st period - Shot by Connor Carrick.
11:17 of 1st period - Shot Misses the Net.
11:39 of 1st period - Connor Carrick is hit by Matt Martin and loses puck.
11:57 of 1st period - Icing by Brent Burns.
11:58 of 1st period - Yakov Trenin wins face-off versus Ross Colton in CAROLINA zone.
12:56 of 1st period - Bobby Ryan is hit by Josh Brown and loses puck.
13:06 of 1st period - Matt Benning is hit by Nicolas Hague and loses puck.
13:30 of 1st period - Shot by Josh Leivo.
13:30 of 1st period - Shot Blocked by Adam Henrique.
13:39 of 1st period - Minor Penalty to Sam Lafferty for High sticking.
13:40 of 1st period - Sean Monahan wins face-off versus Nicklas Backstrom in CAROLINA zone.
13:45 of 1st period - Shot by J.T. Compher.
13:45 of 1st period - Stopped by Sergei Bobrovsky without a rebound.
13:46 of 1st period - Nicklas Backstrom wins face-off versus Sean Monahan in CAROLINA zone.
14:35 of 1st period - Off-side.
14:36 of 1st period - Paul Byron wins face-off versus Nicklas Backstrom in neutral zone.
14:39 of 1st period - Shot by Jason Dickinson.
14:39 of 1st period - Goal by Jason Dickinson - CAROLINA : 1 - NASHVILLE : 1.
14:40 of 1st period - Sam Lafferty wins face-off versus Paul Byron in neutral zone.
14:50 of 1st period - Off-side.
14:51 of 1st period - Luke Kunin wins face-off versus Devin Shore in neutral zone.
15:17 of 1st period - Luke Kunin is hit by Alex Petrovic and loses puck.
15:44 of 1st period - Shot by J.T. Compher.
15:44 of 1st period - Shot Misses the Net.
15:46 of 1st period - Shot by Jimmy Vesey.
15:46 of 1st period - Shot Blocked by Shea Weber.
16:01 of 1st period - Adam Henrique is hit by Jimmy Vesey and loses puck.
16:15 of 1st period - Icing by Brian Dumoulin.
16:16 of 1st period - Sean Monahan wins face-off versus Nicklas Backstrom in NASHVILLE zone.
16:51 of 1st period - Erik Gustafsson is hit by Alexander Radulov and loses puck.
17:18 of 1st period - Shot by Matt Martin.
17:18 of 1st period - Deflect By Sam Lafferty.
17:18 of 1st period - Shot Misses the Net.
17:20 of 1st period - Shot by Matt Benning.
17:20 of 1st period - Shot Blocked by Nicolas Hague.
17:22 of 1st period - Shot by Josh Brown.
17:22 of 1st period - Goal by Josh Brown - CAROLINA : 2 - NASHVILLE : 1.
17:23 of 1st period - Matt Martin wins face-off versus Devin Shore in neutral zone.
17:23 of 1st period - Sam Lafferty is hit by Josh Leivo and loses puck.
17:52 of 1st period - Shot by Devin Shore.
17:52 of 1st period - Shot Blocked by Josh Brown.
17:54 of 1st period - Shot by Connor Carrick.
17:54 of 1st period - Stopped by Sergei Bobrovsky without a rebound.
17:55 of 1st period - Yakov Trenin wins face-off versus Cooper Marody in CAROLINA zone.
18:00 of 1st period - Shot by Sean Monahan.
18:00 of 1st period - Stopped by Sergei Bobrovsky with a rebound.
18:26 of 1st period - Shot by Nicklas Backstrom.
18:26 of 1st period - Stopped by Devan Dubnyk with a rebound.
18:33 of 1st period - Brian Dumoulin is hit by Brent Burns and loses puck.
19:05 of 1st period - Icing by Deryk Engelland.
19:06 of 1st period - Devin Shore wins face-off versus Luke Kunin in CAROLINA zone.
19:34 of 1st period - Shot by Devin Shore.
19:34 of 1st period - Shot Blocked by Erik Karlsson.
Goals for this period are 2 for CAROLINA vs 1 for NASHVILLE.
Shots for this period are 9 for CAROLINA vs 9 for NASHVILLE.

2nd period


0:01 of 2nd period - Sean Monahan wins face-off versus Alexander Radulov in neutral zone.
0:03 of 2nd period - Jimmy Vesey is hit by Shea Weber and loses puck.
0:26 of 2nd period - Shot by Jimmy Vesey.
0:26 of 2nd period - Shot Blocked by Brent Burns.
0:39 of 2nd period - J.T. Compher is hit by Brent Burns and loses puck.
1:29 of 2nd period - Minor Penalty to Matt Martin for Cross-checking.
1:30 of 2nd period - Sean Monahan wins face-off versus Nicklas Backstrom in CAROLINA zone.
1:31 of 2nd period - Shot by Jimmy Vesey.
1:31 of 2nd period - Stopped by Sergei Bobrovsky without a rebound.
1:32 of 2nd period - Nicklas Backstrom wins face-off versus Sean Monahan in CAROLINA zone.
2:33 of 2nd period - Shot by Erik Gustafsson.
2:33 of 2nd period - Shot Misses the Net.
2:35 of 2nd period - Shot by Jason Dickinson.
2:35 of 2nd period - Stopped by Sergei Bobrovsky with a rebound.
3:07 of 2nd period - Shot by Brian Dumoulin.
3:07 of 2nd period - Stopped by Sergei Bobrovsky with a rebound.
3:09 of 2nd period - Shot by Josh Leivo.
3:09 of 2nd period - Goal by Josh Leivo - CAROLINA : 2 - NASHVILLE : 2.
3:10 of 2nd period - Sam Lafferty wins face-off versus Devin Shore in neutral zone.
3:30 of 2nd period - Shot by Joel L'Esperance.
3:30 of 2nd period - Stopped by Devan Dubnyk without a rebound.
3:31 of 2nd period - Yakov Trenin wins face-off versus Luke Kunin in NASHVILLE zone.
3:45 of 2nd period - Icing by Deryk Engelland.
3:46 of 2nd period - Luke Kunin wins face-off versus Paul Byron in CAROLINA zone.
3:52 of 2nd period - Icing by Erik Karlsson.
3:53 of 2nd period - Luke Kunin wins face-off versus Paul Byron in CAROLINA zone.
3:53 of 2nd period - Luke Kunin is hit by Bobby Ryan.
4:54 of 2nd period - Shot by Alexander Radulov.
4:54 of 2nd period - Stopped by Devan Dubnyk with a rebound.
5:07 of 2nd period - Minor Penalty to Brian Dumoulin for Holding Stick.
5:08 of 2nd period - Alexander Radulov wins face-off versus Sean Monahan in NASHVILLE zone.
6:30 of 2nd period - Shot by Brent Burns.
6:30 of 2nd period - Stopped by Devan Dubnyk without a rebound.
6:31 of 2nd period - Nicklas Backstrom wins face-off versus Sean Monahan in NASHVILLE zone.
6:32 of 2nd period - Shot by Shea Weber.
6:32 of 2nd period - Deflect By Nicklas Backstrom.
6:32 of 2nd period - Stopped by Devan Dubnyk without a rebound.
6:33 of 2nd period - Nicklas Backstrom wins face-off versus J.T. Compher in NASHVILLE zone.
6:34 of 2nd period - Shot by Brent Burns.
6:34 of 2nd period - Stopped by Devan Dubnyk without a rebound.
6:35 of 2nd period - Luke Kunin wins face-off versus Sean Monahan in NASHVILLE zone.
6:45 of 2nd period - Shot by Brent Burns.
6:45 of 2nd period - Stopped by Devan Dubnyk with a rebound.
6:47 of 2nd period - Shot by Adam Henrique.
6:47 of 2nd period - Stopped by Devan Dubnyk without a rebound.
6:48 of 2nd period - Sean Monahan wins face-off versus Alexander Radulov in NASHVILLE zone.
7:11 of 2nd period - Icing by Josh Brown.
7:12 of 2nd period - Sam Lafferty wins face-off versus Paul Byron in CAROLINA zone.
7:16 of 2nd period - Icing by Matt Benning.
7:17 of 2nd period - Matt Martin wins face-off versus Paul Byron in CAROLINA zone.
7:27 of 2nd period - Jason Dickinson is hit by Josh Brown and loses puck.
7:28 of 2nd period - Minor Penalty to Josh Brown for Roughing.
7:29 of 2nd period - Nicklas Backstrom wins face-off versus Sean Monahan in CAROLINA zone.
7:48 of 2nd period - Icing by Morgan Rielly.
7:49 of 2nd period - Sean Monahan wins face-off versus Nicklas Backstrom in NASHVILLE zone.
9:04 of 2nd period - Shot by Nicolas Hague.
9:04 of 2nd period - Stopped by Sergei Bobrovsky without a rebound.
9:05 of 2nd period - Nicklas Backstrom wins face-off versus Jimmy Vesey in CAROLINA zone.
9:26 of 2nd period - Shot by Sean Monahan.
9:26 of 2nd period - Shot Misses the Net.
9:28 of 2nd period - Shot by Jimmy Vesey.
9:28 of 2nd period - Stopped by Sergei Bobrovsky without a rebound.
9:29 of 2nd period - Sam Lafferty wins face-off versus Devin Shore in CAROLINA zone.
10:59 of 2nd period - Icing by Paul Byron.
11:00 of 2nd period - Paul Byron wins face-off versus Nicklas Backstrom in NASHVILLE zone.
11:31 of 2nd period - Bobby Ryan is hit by Alexander Radulov and loses puck.
12:22 of 2nd period - Josh Brown is hit by Sean Monahan and loses puck.
13:57 of 2nd period - Shot by Paul Byron.
13:57 of 2nd period - Deflect By Bobby Ryan.
13:57 of 2nd period - Shot Blocked by Josh Brown.
13:59 of 2nd period - Shot by Brian Dumoulin.
13:59 of 2nd period - Shot Blocked by Matt Benning.
14:07 of 2nd period - Shot by Paul Byron.
14:07 of 2nd period - Shot Misses the Net.
15:56 of 2nd period - Shot by Cooper Marody.
15:56 of 2nd period - Shot Misses the Net.
15:58 of 2nd period - Shot by Brent Burns.
15:58 of 2nd period - Stopped by Devan Dubnyk without a rebound.
15:59 of 2nd period - Ross Colton wins face-off versus Devin Shore in NASHVILLE zone.
16:23 of 2nd period - Shot by Nicklas Backstrom.
16:23 of 2nd period - Deflect By Cooper Marody.
16:23 of 2nd period - Shot Blocked by Nicolas Hague.
16:33 of 2nd period - Shot by Tage Thompson.
16:33 of 2nd period - Shot Misses the Net.
16:35 of 2nd period - Shot by Erik Gustafsson.
16:35 of 2nd period - Goal by Erik Gustafsson - CAROLINA : 2 - NASHVILLE : 3.
16:36 of 2nd period - Paul Byron wins face-off versus Luke Kunin in neutral zone.
16:39 of 2nd period - Shot by Brian Dumoulin.
16:39 of 2nd period - Stopped by Sergei Bobrovsky without a rebound.
16:40 of 2nd period - Luke Kunin wins face-off versus Paul Byron in CAROLINA zone.
16:51 of 2nd period - Shot by Erik Karlsson.
16:51 of 2nd period - Stopped by Devan Dubnyk without a rebound.
16:52 of 2nd period - Yakov Trenin wins face-off versus Nicklas Backstrom in NASHVILLE zone.
17:42 of 2nd period - Brian Dumoulin is hit by Kyle Clifford and loses puck.
19:02 of 2nd period - Icing by Joel L'Esperance.
19:03 of 2nd period - Devin Shore wins face-off versus Ross Colton in CAROLINA zone.
19:58 of 2nd period - Nicklas Backstrom is hit by Bobby Ryan and loses puck.
Goals for this period are 0 for CAROLINA vs 2 for NASHVILLE.
Shots for this period are 9 for CAROLINA vs 8 for NASHVILLE.

3rd period


0:01 of 3rd period - Sean Monahan wins face-off versus Nicklas Backstrom in neutral zone.
0:25 of 3rd period - Shea Weber is hit by Brian Dumoulin and loses puck.
0:30 of 3rd period - Shot by Alexander Radulov.
0:30 of 3rd period - Stopped by Devan Dubnyk with a rebound.
0:32 of 3rd period - Shot by Shea Weber.
0:32 of 3rd period - Shot Misses the Net.
0:34 of 3rd period - Shot by Nicklas Backstrom.
0:34 of 3rd period - Stopped by Devan Dubnyk with a rebound.
0:36 of 3rd period - Shot by Nicklas Backstrom.
0:36 of 3rd period - Goal by Nicklas Backstrom - CAROLINA : 3 - NASHVILLE : 3.
0:37 of 3rd period - Sam Lafferty wins face-off versus Paul Byron in neutral zone.
1:13 of 3rd period - Bobby Ryan and Matt Martin fight to a draw.
1:13 of 3rd period - Penalty to Bobby Ryan for Fighting.
1:13 of 3rd period - Penalty to Matt Martin for Fighting.
1:14 of 3rd period - Kyle Clifford wins face-off versus Tage Thompson in neutral zone.
1:27 of 3rd period - Shot by Luke Kunin.
1:27 of 3rd period - Shot Misses the Net.
2:32 of 3rd period - Jimmy Vesey is hit by Alexander Radulov.
2:36 of 3rd period - Shot by Dominik Kubalik.
2:36 of 3rd period - Stopped by Devan Dubnyk without a rebound.
2:37 of 3rd period - Nolan Patrick wins face-off versus Joel L'Esperance in NASHVILLE zone.
2:50 of 3rd period - Shot by Erik Gustafsson.
2:50 of 3rd period - Stopped by Sergei Bobrovsky without a rebound.
2:51 of 3rd period - Paul Byron wins face-off versus Ross Colton in CAROLINA zone.
3:00 of 3rd period - Jason Dickinson is hit by Nicklas Backstrom and loses puck.
4:04 of 3rd period - Shot by J.T. Compher.
4:04 of 3rd period - Stopped by Sergei Bobrovsky with a rebound.
4:09 of 3rd period - J.T. Compher is hit by Josh Brown and loses puck.
4:25 of 3rd period - Off-side.
4:26 of 3rd period - Sam Lafferty wins face-off versus Devin Shore in neutral zone.
5:30 of 3rd period - Kyle Clifford is hit by Morgan Rielly and loses puck.
6:36 of 3rd period - Shot by Sean Monahan.
6:36 of 3rd period - Shot Blocked by Dominik Kubalik.
6:38 of 3rd period - Shot by Jimmy Vesey.
6:38 of 3rd period - Shot Misses the Net.
6:40 of 3rd period - Shot by Nicolas Hague.
6:40 of 3rd period - Shot Misses the Net.
6:44 of 3rd period - Shot by Jimmy Vesey.
6:44 of 3rd period - Shot Misses the Net.
6:46 of 3rd period - Shot by J.T. Compher.
6:46 of 3rd period - Stopped by Sergei Bobrovsky without a rebound.
6:47 of 3rd period - Ross Colton wins face-off versus Yakov Trenin in CAROLINA zone.
9:10 of 3rd period - Off-side.
9:11 of 3rd period - Sean Monahan wins face-off versus Sam Lafferty in neutral zone.
9:16 of 3rd period - Shot by Alex Petrovic.
9:16 of 3rd period - Shot Blocked by Erik Karlsson.
9:26 of 3rd period - Shot by Sam Lafferty.
9:26 of 3rd period - Shot Blocked by Connor Carrick.
9:28 of 3rd period - Shot by Matt Martin.
9:28 of 3rd period - Stopped by Devan Dubnyk without a rebound.
9:29 of 3rd period - Devin Shore wins face-off versus Sam Lafferty in NASHVILLE zone.
9:56 of 3rd period - Shot by Matt Martin.
9:56 of 3rd period - Stopped by Devan Dubnyk with a rebound.
10:42 of 3rd period - Shot by Jimmy Vesey.
10:42 of 3rd period - Shot Misses the Net.
10:44 of 3rd period - Shot by Morgan Rielly.
10:44 of 3rd period - Goal by Morgan Rielly - CAROLINA : 3 - NASHVILLE : 4.
10:45 of 3rd period - Paul Byron wins face-off versus Luke Kunin in neutral zone.
10:45 of 3rd period - Bobby Ryan is hit by Kyle Clifford and loses puck.
11:01 of 3rd period - Shot by Jason Dickinson.
11:01 of 3rd period - Stopped by Sergei Bobrovsky without a rebound.
11:02 of 3rd period - Sam Lafferty wins face-off versus Devin Shore in CAROLINA zone.
11:04 of 3rd period - Brent Burns is hit by Devin Shore and loses puck.
12:42 of 3rd period - Sean Monahan is hit by Josh Brown and loses puck.
12:49 of 3rd period - Shot by Nicklas Backstrom.
12:49 of 3rd period - Shot Misses the Net.
13:15 of 3rd period - Shot by Josh Leivo.
13:15 of 3rd period - Shot Misses the Net.
13:17 of 3rd period - Shot by Morgan Rielly.
13:17 of 3rd period - Shot Misses the Net.
13:19 of 3rd period - Shot by Brian Dumoulin.
13:19 of 3rd period - Shot Misses the Net.
13:21 of 3rd period - Shot by Josh Leivo.
13:21 of 3rd period - Stopped by Sergei Bobrovsky without a rebound.
13:22 of 3rd period - Yakov Trenin wins face-off versus Sam Lafferty in CAROLINA zone.
13:38 of 3rd period - Shot by Matt Martin.
13:38 of 3rd period - Stopped by Devan Dubnyk without a rebound.
13:39 of 3rd period - Luke Kunin wins face-off versus Paul Byron in NASHVILLE zone.
13:42 of 3rd period - Shot by Luke Kunin.
13:42 of 3rd period - Stopped by Devan Dubnyk without a rebound.
13:43 of 3rd period - Paul Byron wins face-off versus Luke Kunin in NASHVILLE zone.
15:01 of 3rd period - Shot by Sean Monahan.
15:01 of 3rd period - Deflect By Jimmy Vesey.
15:01 of 3rd period - Stopped by Sergei Bobrovsky with a rebound.
15:15 of 3rd period - Shot by J.T. Compher.
15:15 of 3rd period - Shot Misses the Net.
15:18 of 3rd period - Sean Monahan is hit by Deryk Engelland and loses puck.
15:22 of 3rd period - Minor Penalty to Deryk Engelland for Diving.
15:23 of 3rd period - Nicklas Backstrom wins face-off versus Sean Monahan in CAROLINA zone.
15:38 of 3rd period - Shot by Morgan Rielly.
15:38 of 3rd period - Shot Misses the Net.
15:40 of 3rd period - Shot by Brian Dumoulin.
15:40 of 3rd period - Shot Blocked by Brent Burns.
15:42 of 3rd period - Shot by Brian Dumoulin.
15:42 of 3rd period - Goal by Brian Dumoulin - CAROLINA : 3 - NASHVILLE : 5.
15:43 of 3rd period - Devin Shore wins face-off versus Ross Colton in neutral zone.
15:43 of 3rd period - Minor Penalty to Nicklas Backstrom for High sticking.
15:44 of 3rd period - Joel L'Esperance wins face-off versus Paul Byron in CAROLINA zone.
15:50 of 3rd period - Icing by Paul Byron.
15:51 of 3rd period - Paul Byron wins face-off versus Joel L'Esperance in NASHVILLE zone.
15:51 of 3rd period - Paul Byron is hit by Joel L'Esperance.
16:04 of 3rd period - Icing by Bobby Ryan.
16:05 of 3rd period - Joel L'Esperance wins face-off versus Paul Byron in NASHVILLE zone.
16:12 of 3rd period - Jason Dickinson is hit by Alexander Radulov and loses puck.
16:24 of 3rd period - Nicolas Hague is hit by Alexander Radulov and loses puck.
17:11 of 3rd period - J.T. Compher is hit by Deryk Engelland and loses puck.
17:51 of 3rd period - Devin Shore is hit by Josh Brown and loses puck.
18:27 of 3rd period - Josh Leivo is hit by Brent Burns and loses puck.
18:48 of 3rd period - Devin Shore is hit by Matt Martin and loses puck.
19:12 of 3rd period - Icing by Deryk Engelland.
19:13 of 3rd period - Paul Byron wins face-off versus Ross Colton in CAROLINA zone.
Goals for this period are 1 for CAROLINA vs 2 for NASHVILLE.
Shots for this period are 8 for CAROLINA vs 8 for NASHVILLE.